 Dungeon Crawl Stone Soup version 0.28-a0-1339-ga5422284a4 (webtiles) character file.

Game seed: 894986222343726342

423 ReploidZero the Covert (level 7, -6/43 HPs)
             Began as a Kobold Brigand on Dec 28, 2021.
             Mangled by Edmund (13 damage)
             ... on level 4 of the Dungeon.
             The game lasted 00:07:52 (3217 turns).

ReploidZero the Covert (Kobold Brigand)             Turns: 3217, Time: 00:07:52

Health: -6/43      AC:  6    Str:  8    XL:     7   Next: 17%
Magic:  7/7        EV: 17    Int: 12    God:
Gold:   214        SH:  0    Dex: 25    Spells: 6/6 levels left

rFire   + . .      SeeInvis .   a - +2 dagger
rCold   . . .      Faith    .   (no shield)
rNeg    . . .      Spirit   .   b - +0 robe
rPois   +          Reflect  .   p - +0 helmet
rElec   .          Harm     .   c - +0 cloak
rCorr   .          Rampage  .   q - +0 pair of gloves
Will    +....                   g - +0 pair of boots
Stlth   +++++.....              (no amulet)
HPRegen 0.14/turn               s - ring "Xoykk" {rF+ Will+}
MPRegen 0.10/turn               j - +6 ring of dexterity

@: no status effects
A: small, no large weapons, nightstalker 3, claws 1, poison resistance
a: no special abilities


You were on level 4 of the Dungeon.
You visited 1 branch of the dungeon, and saw 4 of its levels.

You collected 214 gold pieces.

Inventory:

Hand Weapons
 a - a +2 dagger (weapon)
Missiles
 d - 12 poisoned darts
 n - 5 datura-tipped darts (quivered)
Armour
 b - a +0 robe (worn)
 c - a +0 cloak (worn)
 g - a +0 pair of boots (worn)
 p - a +0 helmet (worn)
 q - a +0 pair of gloves (worn)
Jewellery
 f - a ring of magical power
 j - a +6 ring of dexterity (right hand)
 r - a +4 ring of evasion
 s - the ring "Xoykk" (left hand) {rF+ Will+}
   (You found it on level 3 of the Dungeon)

   [ring of willpower]

   rF:        It protects you from fire.
   Will:      It increases your willpower.
Scrolls
 m - a scroll of amnesia
Potions
 h - a potion of mutation
 i - 4 potions of curing
 k - a potion of brilliance
 l - a potion of magic
 o - a potion of flight {unknown}


   Skills:
 + Level 4.0 Fighting
 + Level 4.8 Short Blades
 - Level 2.1 Throwing
 + Level 3.7 Dodging
 * Level 8.2 Stealth


You had 6 spell levels left.
You didn't know any spells.
Your spell library was empty.

Dungeon Overview and Level Annotations

Branches:
Dungeon (4/15)
 Temple: D:4-7

Altars:

Annotations:
D:4 Edmund


Innate Abilities, Weirdness & Mutations

You are small and have problems with some larger weapons.
You are completely attuned to the shadows.
You have sharp fingernails.
Your system is resistant to poisons. (rPois)


Message History

Edmund is severely wounded.
Edmund completely misses you.
Unknown command.
Edmund drinks a potion.
Edmund is healed!
Throw: 14 darts (poison)
Press: ? - help, Q - select action, (/) - cycle Shift-Dir - straight line, f/p - Edmund
Aim: Edmund, wielding a +3 flail of holy wrath and wearing a +0 leather armour (67% to hit)
You throw a poisoned dart. The poisoned dart barely misses Edmund.
Unknown command.
Throw: 13 darts (poison)
Press: ? - help, Q - select action, (/) - cycle Shift-Dir - straight line, f/p - Edmund
Aim: Edmund, wielding a +3 flail of holy wrath and wearing a +0 leather armour (67% to hit)
You throw a poisoned dart. The poisoned dart hits Edmund.
Edmund is poisoned.
Edmund completely misses you.
Edmund hits you with a +3 flail of holy wrath!
Edmund completely misses you.
Edmund looks more healthy.
Okay, then.
Okay, then.
Unknown command.
Edmund completely misses you.
There is an open door here.
Edmund says, "I might not be good at magic, but I can still kill you!"
Edmund clears his throat.
You completely miss Edmund.
Edmund is moderately wounded.
Edmund hits you with a +3 flail of holy wrath!
Throw: 6 darts (datura)
Press: ? - help, Q - select action, (/) - cycle Shift-Dir - straight line, f/p - Edmund
Aim: Edmund, wielding a +3 flail of holy wrath and wearing a +0 leather armour (moderately wounded, 67% to hit, chance to frenzy on hit: 80%)
You throw a datura-tipped dart. The datura-tipped dart hits Edmund.
Edmund flies into a frenzy!
Edmund is moderately wounded.
Edmund hits you with a +3 flail of holy wrath!
* * * LOW HITPOINT WARNING * * *
Edmund shouts!
Edmund closely misses you. Edmund misses you.
Edmund hits you with a +3 flail of holy wrath!
You die...

#.............#
#.............#
#.............#
#.......#####.#
#.......# #.#
### #....^..#
#.# #<#
#.....|.# #.#
#.# #..@....#
#.# #.#
#...@...# #.#
#.# #########
#.# #.# #.# #.#
#.# #.# #.# #.#
#)# #.# #.# #.#
#.# #.# #.#


You could see the neutral Edmund (fast, strong, insane).

Vanquished Creatures
  An ogre (D:4)
  A bullfrog (D:3)
  A scorpion (D:4)
  An orc priest (D:2)
  Natasha (twice) (D:3)
  A hound skeleton (D:4)
  Robin (D:3)
  2 adders
  2 worms (D:3)
  A dart slug (D:3)
  6 orcs
  6 bats
  6 endoplasms
  5 giant cockroaches
  20 goblins
  3 hobgoblins
  A quokka (D:2)
  9 ball pythons
  4 frilled lizards
  6 kobolds
  5 rats
84 creatures vanquished.

Notes
Turn   | Place    | Note
-------+----------+-------------------------------------------
     0 | D:1      | ReploidZero the Kobold Brigand began the quest for the Orb.
     0 | D:1      | Reached XP level 1. HP: 12/12 MP: 1/1
    98 | D:1      | Reached XP level 2. HP: 18/18 MP: 2/2
   554 | D:1      | Found a faded altar of an unknown god.
   656 | D:1      | Reached XP level 3. HP: 22/22 MP: 3/3
  1356 | D:2      | Reached skill level 6 in Stealth
  1693 | D:2      | Reached XP level 4. HP: 27/27 MP: 4/4
  1952 | D:3      | Identified the +5 hand axe "Fiull" {protect, Will+ rCorr}
  2016 | D:3      | Noticed Robin
  2029 | D:3      | Killed Robin
  2030 | D:3      | Reached XP level 5. HP: 18/32 MP: 5/5
  2402 | D:3      | Noticed a bullfrog
  2406 | D:3      | Killed a bullfrog
  2407 | D:3      | Reached skill level 7 in Stealth
  2411 | D:3      | Reached XP level 6. HP: 33/37 MP: 6/6
  2415 | D:3      | Gained mutation: You have sharp fingernails. [potion of
                  | mutation]
  2415 | D:3      | Gained mutation: Your system is resistant to poisons.
                  | (rPois) [potion of mutation]
  2664 | D:3      | Noticed Natasha
  2673 | D:3      | Killed Natasha
  2735 | D:3      | Noticed Natasha
  2755 | D:3      | Killed Natasha
  2910 | D:3      | Identified the ring "Xoykk" {rF+ Will+}
  3093 | D:4      | Noticed an ogre
  3126 | D:4      | Killed an ogre
  3127 | D:4      | Reached skill level 8 in Stealth
  3127 | D:4      | Reached XP level 7. HP: 43/43 MP: 7/7
  3175 | D:4      | Noticed Edmund
  3217 | D:4      | Mangled by Edmund

Illustrated notes

Levels and vault maps discovered:
D:1:      dpeg_arrival_arbitrary_b, layout_basic, basic_ecumenical_altar,
          chequers_serial_rivers_large_a
D:2:      layout_basic
D:3:      layout_basic, minivault_23, solitary_fountain, minmay_quantized,
          uniq_natasha, uniq_robin
D:4:      layout_basic, portal_sewer_entry_c, uniq_eustachio,
          uniq_blork_the_orc, uniq_pikel, uniq_edmund

Skill      XL: |  1  2  3  4  5  6 |
---------------+-------------------+-----
Short Blades   | 3 4 |  4.8
Stealth        | 6 7 8 |  8.2
Dodging        | 2 3 |  3.7
Fighting       | 3 4 |  4.0
Throwing       | |  2.1

Action                   |  1- 3 |  4- 6 |  7- 9 || total
-------------------------+-------+-------+-------++-------
Melee: Dagger            |    52 |   140 |     7 ||   199
Throw: Dart              |       |     6 |     5 ||    11
  Use: Scroll            |       |     6 |       ||     6
       Potion            |       |     1 |       ||     1
 Stab: Sleeping          |    27 |    16 |       ||    43
       Distracted        |       |     2 |     1 ||     3
Armor: Robe              |     4 |    26 |     2 ||    32
Dodge: Dodged            |    24 |    85 |     8 ||   117

Table legend: (Time is in decaauts)
 A = Elapsed time spent in this place.
 B = Non-inter-level travel time spent in this place.
 C = Inter-level travel time spent in this place.
 D = Time resting spent in this place.
 E = Time spent auto-exploring this place.
 F = Levels seen in this place.
 G = Mean time per level.
                   A        B        C        D        E       F      G
               +--------+--------+--------+--------+--------+-----+--------+
         Total |   3193 |   3101 |     92 |      0 |   2512 |   4 |  798.2 |
       Dungeon |   3193 |   3101 |     92 |      0 |   2512 |   4 |  798.2 |
               +--------+--------+--------+--------+--------+-----+--------+

Top non-repeatable levels by time:
     D:1: 1184 daAuts
     D:3: 1094 daAuts
     D:2: 726 daAuts
     D:4: 187 daAuts
